 Dungeon Crawl Stone Soup version 0.27.1 (webtiles) character file.

Game seed: 137724427698810562

11347 Gwenloh the Fighter (level 11, -5/91 HPs)
             Began as a Purple Draconian Wanderer on Aug 26, 2021.
             Was a Priest of Hepliaklqana.
             Slain by Joseph (16 damage)
             ... on level 1 of the Lair of Beasts.
             The game lasted 00:50:20 (15053 turns).

Gwenloh the Fighter (Purple Draconian Wanderer)    Turns: 15053, Time: 00:50:21

Health: -5/91      AC: 10    Str: 15    XL:     11   Next: 48%
Magic:  13/16      EV: 17    Int: 14    God:    Hepliaklqana [***...]
Gold:   413        SH:  0    Dex: 24    Spells: 4/10 levels left

rFire    . . .     SeeInvis .   a - +3 quarterstaff (chaos)
rCold    . . .     Faith    .   (shield currently unavailable)
rNeg     . . .     Spirit   .   (armour unavailable)
rPois    .         Reflect  .   (helmet restricted)
rElec    .         Harm     .   F - scarf {+Inv}
rCorr    .         Rampage  .   k - +0 pair of gloves
Will     +....                  q - +1 pair of boots
Stlth    ++........             (no amulet)
HPRegen  0.25/turn              i - +6 ring of dexterity
MPRegen  0.15/turn              z - +6 ring of dexterity

@: brilliant, short of breath
A: reduced essence, breathe power, AC +7, unfitting armour, cold-blooded
a: Breathe Dispelling Energy, Renounce Religion, Evoke Invisibility, Recall
Ancestor, Ancestor Identity, Transference


You were on level 1 of the Lair of Beasts.
You worshipped Hepliaklqana.
Hepliaklqana was most pleased with you.
You visited 3 branches of the dungeon, and saw 12 of its levels.

You collected 617 gold pieces.
You spent 204 gold pieces at shops.

Inventory:

Hand Weapons
 a - a +3 quarterstaff of chaos (weapon)
 b - a +0 hunting sling
 c - a +0 dagger
 h - a +0 quarterstaff
 D - a +1 vampiric whip
Missiles
 e - 2 atropa-tipped darts (quivered)
 g - 103 poisoned darts
 l - 343 stones
 m - 170 arrows
 o - 31 bolts
 u - 122 sling bullets
 y - 11 throwing nets
 G - a curare-tipped dart
Armour
 k - a +0 pair of gloves (worn)
 q - a +1 pair of boots (worn)
 r - a +0 cloak
 v - a +0 buckler
 F - a scarf of invisibility (worn)
Jewellery
 i - a +6 ring of dexterity (left hand)
 z - a +6 ring of dexterity (right hand)
 E - a ring of flight
Wands
 B - a wand of digging (13)
 J - a wand of mindburst (14)
Scrolls
 f - 2 scrolls of amnesia
 s - 3 scrolls of magic mapping
 t - 2 scrolls of teleportation
 A - a scroll of immolation
 C - 5 scrolls of enchant weapon
 H - a scroll of torment
 I - a scroll of holy word
Potions
 d - 3 potions of mutation
 j - 3 potions of curing
 n - a potion of degeneration {unknown}
 p - 2 potions of attraction {unknown}
 w - 2 potions of brilliance
 x - a potion of invisibility {unknown}
 K - a potion of lignification {unknown}


   Skills:
 + Level 11.4 Fighting
 - Level 6.7 Staves
 - Level 6.1 Dodging
 - Level 1.7 Stealth
 - Level 2.0 Shields
 + Level 10.1 Hexes
 + Level 7.8 Invocations
 + Level 3.9 Evocations


You had 4 spell levels left.
You knew the following spells:

 Your Spells              Type           Power      Damage    Failure   Level
a - Ensorcelled Hibernat  Hex/Ice        42%        N/A       5%          2
b - Cause Fear            Hex            21%        N/A       4%          4

Your spell library contained the following spells:

 Spells                   Type           Power      Damage    Failure   Level
 Inner Flame              Hex/Fire       21%        N/A       11%         3
 Pain                     Necr           0%         1d4       28%         1
 Sandblast                Erth           0%         2d4       28%         1
 Passwall                 Tmut/Erth      0%         N/A       41%         2
 Spider Form              Tmut/Pois      0%         N/A       65%         3
 Agony                    Necr           0%         N/A       100%        5
 Excruciating Wounds      Necr           0%         N/A       100%        5
 Fireball                 Conj/Fire      0%         3d3       100%        5
 Lee's Rapid Deconstruct  Erth           0%         3d5*      100%        5
 Shadow Creatures         Summ           N/A        N/A       100%        6
 Starburst                Conj/Fire      0%         6d3       100%        6
 Discord                  Hex            21%        N/A       100%        8
 Ignition                 Fire           0%         3d3       100%        8


Dungeon Overview and Level Annotations

Branches:
Dungeon (9/15)             Temple (1/1) D:6            Lair (2/6) D:9
    Orc (0/2) D:9
  Swamp: Lair:2-4    Shoals: Lair:2-4     Snake: Lair:2-4    Spider: Lair:2-4

Altars:
Ashenzari
Cheibriados
Dithmenos
Fedhas
Gozag
Hepliaklqana
Kikubaaqudgha
Makhleb
Nemelex Xobeh
Okawaru
Ru
Sif Muna
Trog
Uskayaw
Vehumet
Wu Jian
Xom
Yredelemnul
Zin
The Shining One

Shops:
D:2 :   D:9 ?

Annotations:
D:4 1 runed translucent door, amoeba's ghost, amateur MiFi
Lair:1 Joseph


Innate Abilities, Weirdness & Mutations

Your life essence is reduced to manifest your ancestor. (-10% HP)
You can breathe bolts of dispelling energy.
Your rich purple scales are hard. (AC +7)
You cannot fit into any form of body armour.
You are cold-blooded and may be slowed by cold attacks.


Message History

You hit Joseph. You freeze Joseph.
Joseph is moderately wounded.
Joseph completely misses you.
You sock Joseph!
Space warps horribly around Joseph!!
Joseph is heavily wounded.
Joseph misses you. Joseph hits you with a +0 quarterstaff!
You closely miss Joseph.
Your tail-slap misses Joseph.
Joseph is heavily wounded.
Joseph hits you with a +0 quarterstaff!!
You thump Joseph! You freeze Joseph. You tail-slap Joseph, but do no damage.
Joseph is severely wounded.
Joseph hits you with a +0 quarterstaff! Joseph barely misses you.
You hit Joseph. You tail-slap Joseph.
Joseph is severely wounded.
Joseph hits you with a +0 quarterstaff!!
* * * LOW HITPOINT WARNING * * *
You closely miss Joseph.
Joseph is severely wounded.
Joseph hits you with a +0 quarterstaff.
* * * LOW HITPOINT WARNING * * *
Joseph hits you with a +0 quarterstaff!
* * * LOW HITPOINT WARNING * * *
Xiloxoch is still trapped in memory!
Unknown command.
Joseph closely misses you.
Press: ? - help, Shift-Dir - straight line, f - Joseph
Aim: Joseph, wielding a +0 quarterstaff, wearing a +0 leather armour and quivering sling bullets (severely wounded, berserk, unusually agile)
You breathe a bolt of dispelling energy.
The bolt of dispelling energy misses Joseph.
Joseph hits you with a +0 quarterstaff.
* * * LOW HITPOINT WARNING * * *
Joseph barely misses you.
Casting: Cause Fear (dangerous; 4% risk of failure)
Confirm with . or Enter, or press ? or * to list all spells.
You can't see any susceptible monsters within range! (Use Z to cast anyway.)
You feel better. Joseph closely misses you.
It was a potion of brilliance.
You feel clever all of a sudden. Joseph hits you with a +0 quarterstaff!
You die...

##+#.+# #....... #......
#......# ....... #......#
#...... .......#. . #.
#...... #........
...#...##......##......#
...#...##+## #+.#......#.
#.P#...##.P###.#.......'.
................@.......#
.............).@.........
..............(.(........
.................(.......
.........................
......................###
##P#..................#
#####...##.#..##.......
...##..........#.....


You could see Joseph (berserk, agile).

Vanquished Creatures
  A black mamba (Lair:2)
  Maggie (Lair:1)
  A hornet (D:9)
  Sigmund (D:3)
  A spriggan (shapeshifter) (D:8)
  A wyvern (Lair:1)
  11 yaks
  Menkaure (D:5)
  A floating eye (shapeshifter) (D:9)
  A water moccasin (D:9)
  3 orc warriors (D:9)
  A sky beast (D:5)
  A black bear (D:5)
  3 ice beasts
  A centaur (D:4)
  2 necrophages
  A wolf (Lair:1)
  3 ogres
  A phantom (D:3)
  A kobold brigand (D:8)
  3 gnoll sergeants
  8 bullfrogs
  A scorpion (D:5)
  A water moccasin skeleton (D:4)
  9 wights
  4 howler monkeys
  2 bullfrog zombies
  A centaur zombie (D:6)
  A jelly (D:6)
  5 hounds
  Crazy Yiuf (D:5)
  6 orc priests
  A bullfrog skeleton (D:6)
  3 iguanas
  Terence (D:3)
  A scorpion zombie (D:5)
  7 orc wizards
  A killer bee zombie (D:9)
  Robin (D:3)
  A howler monkey zombie (D:6)
  22 gnolls
  8 adders
  A shadow imp (D:6)
  A white imp (D:6)
  2 ufetubi
  An adder skeleton (D:4)
  A worm (D:2)
  A dart slug (D:4)
  29 orcs
  9 endoplasms
  A giant cockroach (D:1)
  16 goblins
  17 hobgoblins
  7 jackals
  2 quokkas (D:1)
  7 ball pythons
  2 bats
  2 frilled lizards
  12 kobolds
  4 rats
240 creatures vanquished.

Vanquished Creatures (collateral kills)
  2 two-headed ogres
  A cyclops (D:8)
  A wyvern (D:8)
  6 yaks
  Grum (Lair:1)
  A warg (D:9)
  A water moccasin (Lair:1)
  A necrophage (D:7)
  2 centaurs
  2 wolves (Lair:1)
  2 kobold brigands
  A bullfrog (Lair:1)
  A gnoll sergeant (D:9)
  A water moccasin skeleton (D:7)
  2 wights (D:8)
  A howler monkey (D:8)
  A hound (D:7)
  A gnoll shaman (D:9)
  2 orc wizards (D:9)
  8 gnolls (D:9)
  A white imp (D:6)
  6 orcs
  A goblin (D:9)
  2 jackals (D:9)
  2 kobolds (D:8)
50 creatures vanquished.

Vanquished Creatures (others)
  An ancestor (D:8)
  10 hexers
  13 plants (Lair:1)
24 creatures vanquished.

Grand Total: 314 creatures vanquished

Notes
Turn   | Place    | Note
-------+----------+-------------------------------------------
     0 | D:1      | Gwenloh the Draconian Wanderer began the quest for the Orb.
     0 | D:1      | Gwenloh set off with the following items: a +0
                  | quarterstaff, a potion of curing, a +0 dagger
     0 | D:1      | Reached XP level 1. HP: 22/22 MP: 1/1
   185 | D:1      | Reached XP level 2. HP: 16/28 MP: 2/2
   905 | D:1      | Reached XP level 3. HP: 34/34 MP: 3/3
  1182 | D:2      | Found Jeneol's Book Emporium.
  2120 | D:3      | Reached skill level 5 in Fighting
  2252 | D:3      | Reached XP level 4. HP: 42/42 MP: 4/4
  2588 | D:3      | Noticed Robin
  2608 | D:3      | Noticed Terence
  2775 | D:3      | Reached XP level 5. HP: 46/48 MP: 5/5
  2912 | D:3      | Killed Terence
  2987 | D:3      | Killed Robin
  3128 | D:3      | Noticed Sigmund
  3256 | D:3      | Found a faded altar of an unknown god.
  3895 | D:4      | Noticed a phantom
  3912 | D:3      | Killed a phantom
  3913 | D:3      | Reached skill level 6 in Fighting
  3913 | D:3      | Reached XP level 6. HP: 28/57 MP: 6/6
  4418 | D:4      | Your scales start taking on a rich purple colour.
  4418 | D:4      | Reached XP level 7. HP: 64/64 MP: 7/7
  4783 | D:3      | Killed Sigmund
  5010 | D:4      | Reached skill level 7 in Fighting
  5028 | D:4      | Reached skill level 5 in Staves
  5089 | D:4      | Found a runed translucent door.
  5090 | D:4      | Noticed amoeba's ghost (amateur MiFi)
  5369 | D:5      | Entered Level 5 of the Dungeon
  5401 | D:5      | Reached XP level 8. HP: 71/73 MP: 8/8
  5411 | D:5      | Reached skill level 5 in Dodging
  6117 | D:5      | Reached skill level 8 in Fighting
  6270 | D:5      | Noticed Menkaure
  6282 | D:5      | Killed Menkaure
  6695 | D:5      | Found a runed translucent door.
  6696 | D:5      | Noticed Crazy Yiuf
  7013 | D:5      | Killed Crazy Yiuf
  7185 | D:6      | Found a staircase to the Ecumenical Temple.
  7199 | Temple   | Entered the Ecumenical Temple
  7434 | Temple   | Became a worshipper of Hepliaklqana the Forgotten
  7707 | D:6      | Learned a level 2 spell: Ensorcelled Hibernation
  7748 | D:6      | Reached skill level 1 in Invocations
  7762 | D:6      | Reached XP level 9. HP: 80/82 MP: 9/9
  7905 | D:6      | Reached skill level 1 in Hexes
  8417 | D:6      | Reached * piety under Hepliaklqana
  8424 | D:6      | Noticed a troll
  8425 | D:6      | Noticed a two-headed ogre
  8646 | D:6      | Found a shimmering altar of Xom.
  8646 | D:6      | Found a sparkling altar of Nemelex Xobeh.
  8942 | D:7      | Reached skill level 9 in Fighting
  9471 | D:7      | Found a hide-covered altar of Uskayaw.
  9623 | D:8      | Learned a level 4 spell: Cause Fear
  9823 | D:8      | Noticed a cyclops
  9842 | D:8      | Noticed a two-headed ogre
  9927 | D:8      | Reached ** piety under Hepliaklqana
  9928 | D:8      | Remembered your ancestor Xiloxoch as a hexer
 10027 | D:7      | Reached skill level 5 in Hexes
 10119 | D:8      | Killed a cyclops
 10636 | D:8      | Reached XP level 10. HP: 82/82 MP: 13/13
 10652 | D:8      | Killed a two-headed ogre
 10653 | D:8      | Reached skill level 5 in Invocations
 10671 | D:8      | Reached skill level 10 in Fighting
 10976 | D:9      | Found a staircase to the Orcish Mines.
 11024 | D:9      | Noticed a two-headed ogre
 11233 | D:9      | Found a staircase to the Lair.
 11820 | D:9      | Noticed a glowing shapeshifter
 11820 | D:9      | a yak changed into a glowing shapeshifter
 11820 | D:9      | Noticed a spark wasp
 11820 | D:9      | a glowing shapeshifter changed into a spark wasp
 11828 | D:9      | HP: 2/84 [spark wasp (glowing shapeshifter) (14)]
 11829 | D:9      | Noticed a mana viper
 11829 | D:9      | a spark wasp changed into a mana viper
 11836 | D:9      | Noticed a moth of wrath
 11836 | D:9      | a mana viper changed into a moth of wrath
 12273 | D:9      | Noticed a glowing orange brain
 12273 | D:9      | a spriggan changed into a glowing orange brain
 12276 | D:9      | Noticed a swamp dragon
 12276 | D:9      | a glowing orange brain changed into a swamp dragon
 12277 | D:9      | Noticed a two-headed ogre
 12277 | D:9      | a swamp dragon changed into a two-headed ogre
 12282 | D:9      | Noticed a deep troll
 12282 | D:9      | a two-headed ogre changed into a deep troll
 12284 | D:9      | a deep troll changed into a floating eye
 12390 | D:9      | Found a faded altar of an unknown god.
 12390 | D:9      | Found a basalt altar of Yredelemnul.
 12398 | D:9      | Found a faded altar of an unknown god.
 12400 | D:9      | Found a sacrificial altar of Ru.
 12402 | D:9      | Found a shimmering blue altar of Sif Muna.
 12582 | D:9      | Found a broken altar of Ashenzari.
 12942 | D:9      | Found Itutz's Magic Scroll Shop.
 12971 | D:9      | Bought a scroll of enchant weapon for 90 gold pieces
 12971 | D:9      | Bought a scroll of identify for 24 gold pieces
 12971 | D:9      | Bought a scroll of enchant weapon for 90 gold pieces
 12971 | D:9      | Identified a scroll of acquirement
 12972 | D:9      | Acquired a scarf of invisibility
 13119 | D:9      | Reached *** piety under Hepliaklqana
 13149 | D:9      | Killed a two-headed ogre
 13150 | D:9      | Reached skill level 1 in Evocations
 13150 | D:9      | Reached XP level 11. HP: 42/90 MP: 7/16
 13729 | Lair:1   | Entered Level 1 of the Lair of Beasts
 13790 | Lair:1   | Reached skill level 11 in Fighting
 13863 | Lair:1   | You fall into a shaft and drop 1 floor!
 14393 | Lair:1   | Reached skill level 10 in Hexes
 14683 | Lair:1   | Noticed Grum
 14830 | Lair:1   | Killed Grum
 14988 | Lair:1   | Noticed Maggie
 15001 | Lair:1   | Killed Maggie
 15022 | Lair:1   | Noticed Joseph
 15053 | Lair:1   | Slain by Joseph

Illustrated notes

Levels and vault maps discovered:
D:1:      minmay_arrival_plants_in_alcoves, layout_loops_ring, corner_web_ring,
          minmay_split_cup_large
D:2:      layout_basic, serial_shops, shop
D:3:      layout_basic, basic_ecumenical_altar, serial_corexii_hall,
          chequers_hall_statues_corner_a, chequers_hall_statues_corner_a,
          minivault_11, chequers_jeans, minmay_fountain_box, chequers_arboretum,
          guppyfry_early_orc_mine, uniq_terence, uniq_sigmund, uniq_robin
D:4:      layout_basic, ebering_ghost_reflecting_pool,
          hangedman_decor_slide_cut, kennysheep_crisscross
D:5:      layout_gridville, eino_curves_02, uniq_menkaure,
          uniq_crazy_yiuf_cottage
D:6:      layout_basic, jmf_multi_god_temple, temple_hall,
          lightli_corner_chamber
D:7:      layout_rooms, lemuel_round_altar, patterned_corridor
D:8:      layout_loops_corners
D:9:      layout_cave_pools, ashenzari_altar_1,
          chequers_temple_overflow_minitemple, lair_entry_dummy, david_orc_3,
          enter_bailey_4, serial_gnoll_camp, gnoll_camp_mini_hut,
          gnoll_camp_mini_shop, gnoll_camp_medium_01, gnoll_camp_medium_02,
          hangedman_minor_gate_pass
Temple:   nicolae_temple_figure_eight
Lair:1:   layout_regular_city, nicolae_quartered_pool_medium,
          serial_bayou_shore_a, uniq_joseph, uniq_grum, uniq_maggie
Lair:2:   layout_hall_layers, gammafunk_lair_bear_cave, grunt_megastairs_4,
          infiniplex_staircase_pool, uniq_nergalle

Skill      XL: |  1  2  3  4  5  6  7  8  9 10 11 |
---------------+----------------------------------+-----
Staves         | 2 3 4 5 6 |  6.7
Fighting       | 5 6 7 8 9 10 11 | 11.4
Dodging        | 2 3 4 6 |  6.1
Invocations    | 1 4 6 7 |  7.8
Hexes          | 6 9 10 | 10.1
Evocations     | 1 3 |  3.9
Stealth        | |  1.7
Shields        | |  2.0

Action                   |  1- 3 |  4- 6 |  7- 9 | 10-12 || total
-------------------------+-------+-------+-------+-------++-------
Melee: Quarterstaff      |    92 |   129 |   225 |   245 ||   691
       Tailslap          |    15 |    22 |    44 |    57 ||   138
 Fire: Hunting sling     |    25 |    55 |   204 |   185 ||   469
 Cast: Cause Fear        |       |       |       |     6 ||     6
       Ensorcelled Hiber |       |       |       |     1 ||     1
Invok: Ancestor Life: He |       |       |     1 |       ||     1
       Recall Ancestor   |       |       |       |     1 ||     1
       Transference      |       |       |       |     1 ||     1
       Ancestor Identity |       |       |       |     1 ||     1
 Abil: Breathe Dispellin |       |       |    12 |     7 ||    19
  Use: Scroll            |       |       |     9 |     6 ||    15
       Potion            |       |       |     1 |     3 ||     4
 Stab: Sleeping          |     4 |     1 |     1 |     1 ||     7
       Confused          |       |       |     3 |     5 ||     8
       Distracted        |       |       |     2 |     4 ||     6
       Petrifying        |       |       |       |     2 ||     2
Armor: Skin              |    19 |    42 |    68 |    71 ||   200
Dodge: Dodged            |    42 |    91 |   214 |   254 ||   601
